 Zot Defence DCSS version 0.14-a0-3367-g7c2a7eb (webtiles) character file.

40874 Froboctopus the Earth Mage (level 13, 0/83 HPs)
             Began as a Gargoyle Earth Elementalist on Mar 19, 2014.
             Was a High Priest of Okawaru.
             Slain by an electric golem (5 damage)
             ... summoned by a boggart
             ... in the Realm of Zot (Scenario I: Hall of Zot).
             The game lasted 00:24:21 (5473 turns).

Froboctopus the Earth Mage (GrEE)                   Turns: 5473, Time: 00:24:21

HP   0/83        AC 16     Str 17      XL: 13   Next: 35%
MP  11/19        EV 11     Int 13 (16) God: Okawaru [*****.]
Gold 0           SH  0     Dex 10      Spells:  2 memorised, 10 levels left

rFire  . . .     SeeInvis .     n - +0,+2 dire flail (holy)
rCold  . . .     Clarity  .     k - +0 ring mail
rNeg   + . .     Conserve .     (no shield)
rPois  +         rCorr    .     (no helmet)
rElec  +         rRot     +     (no cloak)
SustAb . .       Spirit   .     (no gloves)
rMut   .         Warding  .     (no boots)
Saprov . . .     Stasis   .     (no amulet)
MR     .....                    (no ring)
                                (no ring)

@: not resistant to hostile enchantments, unstealthy
A: life protection 1, electricity resistance, unbreathing, petrification
resistance, AC +9
a: Make dart trap, Make oklob sapling, Make arrow trap, Make plant, Remove
Curse, Make burning bush, Make altar, Make grenades, Make oklob plant, Make net
trap, Make ice statue, Make spear trap, Make alarm trap, Make mushroom circle,
Make bolt trap, Heroism, Finesse, Renounce Religion
}: 1/15 runes: magical


You were in the Realm of Zot.
You worshipped Okawaru.
Okawaru was extremely pleased with you.
You were not hungry.

You visited 1 branch

Inventory:

Hand weapons
 m - a +1,+0 flail
 n - a +0,+2 dire flail of holy wrath (weapon)
Missiles
 b - 19 stones (quivered)
Armour
 c - the -1 buckler "Psab" {rElec, unknown}
   (Okawaru gifted it to you in the Realm of Zot)

   It insulates you from electricity.
 i - a +0 plate armour
 k - a +0 ring mail (worn)
 l - a +1 buckler of protection
Comestibles
 f - a bread ration
Scrolls
 j - a scroll of blinking
Potions
 a - 2 potions of curing
 e - a potion of heal wounds
 g - a potion of haste
 h - a potion of magic
Books
 d - a book of Geomancy

   Spells                             Type                      Level
   *Sandblast                         Earth                        1
   Stoneskin                          Transmutation/Earth          2
   Passwall                           Transmutation/Earth          3
   Stone Arrow                        Conjuration/Earth            3
   Petrify                            Transmutation/Earth          4
   *Lee's Rapid Deconstruction        Earth                        5


   Skills:
 + Level 10.3 Fighting
 + Level 8.5 Maces & Flails
 + Level 10.5 Armour
 - Level 6.2 Dodging
 - Level 2.1 Stealth
   Level 6.6 Shields
 - Level 2.0 Spellcasting
   Level 0.7 Transmutations
 - Level 15.2 Earth Magic


You had 10 spell levels left.
You knew the following spells:

 Your Spells              Type           Power        Failure   Level  Hunger
a - Sandblast             Erth           #####.       1%          1    ##.....
b - Lee's Rapid Deconstr  Erth           #####.....   1%          5    ######.


Dungeon Overview and Level Annotations

Branches:
    Zot (1/1)

Altars:
Okawaru


Innate Abilities, Weirdness & Mutations

You are resistant to torment.
You are immune to poison.
Your stone body is very resilient (AC +9).
You resist negative energy.
You are resistant to electric shocks.
You can survive without breathing.
You are immune to petrification.


Message History

The pale draconian annihilator blinks!
You hit the golden dragon but do no damage.
The grey draconian shifter blinks!
You are too injured to fight recklessly!
You are too injured to fight recklessly!
You closely miss the electric golem.
The electric golem blinks!
You are too injured to fight recklessly!
The fire dragon is no longer berserk.
The moth of wrath goads the ice dragon on!
The ice dragon goes berserk!
You hit the golden dragon.
The golden dragon is lightly wounded.
The grey draconian shifter casts a spell.
The green draconian blinks!
The manticore blinks!
The green draconian blinks!
The purple draconian blinks!
The electric golem hits you but does no damage.
The electric golem hits you.
* * * LOW HITPOINT WARNING * * *
The electric golem shocks you. You resist.
You die...

.....#### ####... ##########
######## .........### ###.......
.....##....## ##....##...
......###..{###########...###....
.......###...§XDDDDyXD%..###.....
.......# ##..d_.§yD*D...## #.....
.......# #....dD.yyD...# #.....
.......# ##...8@......## #.....
.......# #...ddH.....# #.....
.......# ##...........## #.....
......## #...d.........# ##....
.....## ##.............## ##...
....## #......<.<......# ##..
####▓▓▓ ########<######## ▓▓▓##
▓▓∆▓▓ ### ▓▓∆▓▓ ▓∆∆∆▓ ▓∆∆∆▓


You could see a bone dragon, an orb of fire, an electric golem, 2 tentacled
monstrosities, 2 golden dragons, 3 storm dragons, 2 draconians, a purple
draconian, a grey draconian shifter, a fire dragon, 2 ice dragons, a pale
draconian annihilator, a death cob, a manticore and 4 moths of wrath.

Vanquished Creatures
  2 ettins (Zot)
  A centaur warrior (Zot)
  2 very ugly things (Zot)
  A giant orange brain (Zot)
  2 griffons (Zot)
  A black mamba (shapeshifter) (Zot)
  A kobold demonologist (Zot)
  A spiny frog (Zot)
  2 freezing wraiths (Zot)
  A tengu simulacrum (Zot)
  9 yaktaurs (Zot)
  2 deep elf magi (Zot)
  A troll (Zot)
  6 slime creatures (Zot)
  2 vampires (Zot)
  An ettin skeleton (Zot)
  A wyvern (Zot)
  A yak (shapeshifter) (Zot)
  8 ugly things (Zot)
  A soldier ant (Zot)
  3 hungry ghosts (Zot)
  A black bear (Zot)
  An orc warrior (Zot)
  An ogre (Zot)
  11 giant frogs (Zot)
  A gnoll sergeant (Zot)
  A goliath beetle (Zot)
  An oklob sapling (Zot)
  An orc wizard (Zot)
  3 spectral orcs (Zot)
  A worker ant (Zot)
  A white imp (Zot)
  2 giant mites (Zot)
  An ufetubus (Zot)
  3 giant eyeballs (Zot)
  A giant gecko (Zot)
  3 orcs (Zot)
  A goblin (Zot)
  A jackal (Zot)
  2 ball pythons (Zot)
  3 bats (Zot)
  A giant newt (Zot)
  A giant spore (Zot)
91 creatures vanquished.

Vanquished Creatures (collateral kills)
  Nergalle (Zot)
  A hobgoblin (Zot)
  A jackal (Zot)
  10 giant spores (Zot)
  A goblin (Zot)
  A rat (Zot)
  19 spectral orcs (Zot)
  4 butterflies (Zot)
38 creatures vanquished.

Vanquished Creatures (others)
  A wyvern (Zot)
  A jelly (Zot)
  6 spectral orcs (Zot)
8 creatures vanquished.

Grand Total: 137 creatures vanquished

Notes
Turn   | Place    | Note
--------------------------------------------------------------
     0 | Zot      | Froboctopus, the Gargoyle Earth Elementalist, began the quest for the Orb.
     0 | Zot      | Reached XP level 1. HP: 10/10 MP: 3/3
   202 | Zot      | Noticed Vesiw
   323 | Zot      | Reached XP level 2. HP: 11/16 MP: 4/4
   456 | Zot      | Killed Vesiw the goliath beetle
   456 | Zot      | Reached skill level 4 in Earth Magic
   456 | Zot      | Reached XP level 3. HP: 19/21 MP: 6/6
   456 | Zot      | Reached XP level 4. HP: 23/26 MP: 7/7
  1036 | Zot      | Reached XP level 5. HP: 30/30 MP: 9/9
  1043 | Zot      | Learned a level 5 spell: Lee's Rapid Deconstruction
  1086 | Zot      | Noticed a spiny frog
  1125 | Zot      | Reached skill level 5 in Earth Magic
  1125 | Zot      | Reached XP level 6. HP: 34/36 MP: 6/10
  1154 | Zot      | Reached skill level 6 in Earth Magic
  1154 | Zot      | Reached XP level 7. HP: 41/41 MP: 2/12
  1261 | Zot      | Reached skill level 7 in Earth Magic
  1261 | Zot      | Reached XP level 8. HP: 46/48 MP: 13/13
  1268 | Zot      | Became a worshipper of Warmaster Okawaru
  1406 | Zot      | Reached skill level 5 in Armour
  1406 | Zot      | Reached skill level 8 in Earth Magic
  1458 | Zot      | Reached skill level 5 in Fighting
  1578 | Zot      | Killed a spiny frog
  1578 | Zot      | Acquired Okawaru's first power
  1578 | Zot      | Reached skill level 9 in Earth Magic
  1578 | Zot      | Reached XP level 9. HP: 52/55 MP: 2/14
  1772 | Zot      | Paralysed by a giant eyeball for 3 turns
  1778 | Zot      | Paralysed by a giant eyeball for 4 turns
  1979 | Zot      | Paralysed by a giant eyeball for 3 turns
  1986 | Zot      | Paralysed by a giant eyeball for 3 turns
  2000 | Zot      | Paralysed by a giant eyeball for 4 turns
  2004 | Zot      | Noticed Nergalle
  2014 | Zot      | Paralysed by a giant eyeball for 2 turns
  2017 | Zot      | Paralysed by a giant eyeball for 3 turns
  2024 | Zot      | Paralysed by a giant eyeball for 2 turns
  2026 | Zot      | Reached skill level 1 in Maces & Flails
  2026 | Zot      | Reached skill level 5 in Dodging
  2026 | Zot      | Reached skill level 10 in Earth Magic
  2037 | Zot      | Paralysed by a giant eyeball for 2 turns
  2050 | Zot      | Paralysed by a giant eyeball for 3 turns
  2054 | Zot      | Paralysed by a giant eyeball for 3 turns
  2121 | Zot      | Noticed a spectral orc warlord
  2138 | Zot      | Noticed a spectral orc warlord
  2180 | Zot      | Noticed a spectral orc warlord
  2203 | Zot      | Noticed a spectral orc warlord
  2203 | Zot      | Noticed a spectral orc warlord
  2298 | Zot      | Noticed a spectral orc warlord
  2339 | Zot      | Noticed a spectral orc warlord
  2368 | Zot      | Noticed a spectral orc warlord
  2419 | Zot      | Noticed Tweon
  2419 | Zot      | Reached XP level 10. HP: 52/61 MP: 4/16
  2561 | Zot      | Noticed a smoke demon
  2568 | Zot      | Noticed a smoke demon
  2584 | Zot      | HP: 1/61 [smoke demon/divine providence[Tweon the kobold demonologist] (9)]
  2611 | Zot      | Noticed an ice devil
  2647 | Zot      | Noticed a sun demon
  2663 | Zot      | Noticed a sixfirhy
  2711 | Zot      | Noticed a sun demon
  2737 | Zot      | Reached skill level 11 in Earth Magic
  2738 | Zot      | Noticed a sun demon
  2738 | Zot      | Killed Tweon the kobold demonologist
  2861 | Zot      | Noticed a spectral orc warlord
  2937 | Zot      | Killed Nergalle
  3004 | Zot      | Reached skill level 12 in Earth Magic
  3004 | Zot      | Reached XP level 11. HP: 59/67 MP: 1/17
  3029 | Zot      | Reached skill level 5 in Maces & Flails
  3177 | Zot      | Noticed a purple very ugly thing
  3212 | Zot      | Reached skill level 1 in Shields
  3435 | Zot      | Killed a brown very ugly thing
  3681 | Zot      | Reached skill level 13 in Earth Magic
  4198 | Zot      | Reached XP level 12. HP: 75/75 MP: 4/18
  4289 | Zot      | Got a magical rune of Zot
  4673 | Zot      | Acquired Okawaru's second power
  4712 | Zot      | Reached skill level 5 in Shields
  4712 | Zot      | Reached skill level 14 in Earth Magic
  4977 | Zot      | Noticed an ettin
  4984 | Zot      | Noticed an ettin
  5056 | Zot      | Received a gift from Okawaru
  5056 | Zot      | Reached skill level 10 in Armour
  5057 | Zot      | Got an ichor-stained buckler {god gift}
  5061 | Zot      | Reached XP level 13. HP: 82/82 MP: 4/19
  5088 | Zot      | Killed an ettin
  5088 | Zot      | Reached skill level 10 in Fighting
  5088 | Zot      | Reached skill level 15 in Earth Magic
  5138 | Zot      | Killed an ettin
  5389 | Zot      | Noticed a black draconian scorcher
  5389 | Zot      | Noticed a green draconian
  5389 | Zot      | Noticed a pale draconian monk
  5389 | Zot      | Noticed a grey draconian
  5395 | Zot      | Noticed a shadow dragon
  5395 | Zot      | Noticed a tentacled monstrosity
  5396 | Zot      | Noticed a golden dragon
  5397 | Zot      | Noticed a golden dragon
  5397 | Zot      | Noticed a purple draconian
  5397 | Zot      | Noticed a pale draconian annihilator
  5397 | Zot      | Noticed a green draconian
  5398 | Zot      | Noticed a bone dragon
  5398 | Zot      | Noticed a tentacled monstrosity
  5404 | Zot      | Noticed an orb of fire
  5405 | Zot      | Noticed a golden dragon
  5405 | Zot      | Noticed a purple draconian
  5405 | Zot      | Noticed a grey draconian shifter
  5405 | Zot      | Noticed a green draconian
  5409 | Zot      | Noticed a storm dragon
  5423 | Zot      | Noticed a storm dragon
  5430 | Zot      | Noticed a storm dragon
  5470 | Zot      | Noticed an electric golem
  5473 | Zot      | Slain by an electric golem

Action                   |  1- 3 |  4- 6 |  7- 9 | 10-12 | 13-15 || total
-------------------------+-------+-------+-------+-------+-------++-------
Melee: Unarmed           |   120 |       |       |       |       ||   120
       Dagger            |    98 |   140 |   274 |       |       ||   512
       Club              |       |       |     6 |   628 |       ||   634
       Flail             |       |       |       |   122 |    74 ||   196
       Dire flail        |       |       |       |       |    12 ||    12
 Cast: Sandblast         |     5 |    10 |    18 |       |       ||    33
       Lee's Rapid Decon |       |       |    15 |    70 |    11 ||    96
 Abil: Make oklob saplin |     1 |       |       |       |       ||     1
       Make altar        |       |       |     1 |       |       ||     1
       Make grenades     |       |       |       |     5 |       ||     5
  Use: Potion            |       |       |       |     3 |       ||     3
 Stab: Distracted        |     2 |       |       |       |       ||     2
       Confused          |       |       |     1 |     2 |       ||     3
